 Dungeon Crawl Stone Soup version 0.32-a0-996-gb3226c2 (webtiles) character file.

Game seed: 14409801558779406421

25395 sdynet the Thaumaturge (level 13, -16/94 HPs)
             Began as a Ghoul Ice Elementalist on Apr 23, 2024.
             Was an Elder of Kikubaaqudgha.
             Demolished by a reaper
             ... wielding a -4 scythe of freezing
              (31 damage)
             ... in an ice cave.
             The game lasted 01:12:59 (16720 turns).

sdynet the Thaumaturge (Ghoul Ice Elementalist)    Turns: 16720, Time: 01:13:00

Health: -16/94     AC: 10    Str: 13    XL:     13   Next: 19%
Magic:  20/31      EV: 11    Int: 20    God:    Kikubaaqudgha [****..]
Gold:   1153       SH:  0    Dex: 16    Spells: 0/41 levels left

rFire   + . .        a - +4 scimitar (flame)
rCold   + + .        (no shield)
rNeg    + + +        O - +0 robe
rPois   ∞            (no helmet)
rElec   .            D - +2 cloak
rCorr   .            n - +2 pair of gloves
SInv    .            h - +1 pair of boots of Xoadghol {Int+2 Slay+5 Stlth+}
Will    +....        i - amulet of Xom's Temerity {Acrobat rF+ Dex+5}
Stlth   +++          H - ring of wizardry
HPRegen 0.00/turn    j - ring of Naesoguu {rPois rC+ Will+ Dex+2}
MPRegen 0.22/turn

%: acrobat, wizardry (x1)
@: very slightly contaminated, inhibited regen, invisible
A: claws 1, cold resistance 1, negative energy resistance 3, inhibited
regeneration, torment resistance 2, devour on kill
a: Renounce Religion, Unearth Wretches


You were in an ice cave.
You worshipped Kikubaaqudgha.
Kikubaaqudgha was greatly pleased with you.
You visited 4 branches of the dungeon, and saw 16 of its levels.
You also visited: Sewer, Ossuary and Ice Cave.

You collected 1153 gold pieces.

Inventory:

Hand Weapons
 a - a +4 scimitar of flaming (weapon)
 b - a +4 dagger of venom
Missiles
 f - 2 throwing nets
 Y - a curare-tipped dart
 Z - 21 poisoned darts
Armour
 d - a +0 buckler of positive energy
 h - the +1 pair of boots of Xoadghol (worn) {Int+2 Slay+5 Stlth+}
   (You acquired it on level 1 of the Lair of Beasts)

   Int+2:     It affects your intelligence (+2).
   Slay+5:    It affects your accuracy & damage with ranged weapons and melee
   (+5).
   Stlth+:    It makes you more stealthy.
 n - a +2 pair of gloves (worn)
 t - +0 acid dragon scales
 D - a +2 cloak (worn)
 F - a +1 leather armour of fire resistance
 G - a +0 leather armour of willpower
 O - a +0 robe (worn)
Jewellery
 i - the amulet of Xom's Temerity (around neck) {Acrobat rF+ Dex+5}
   (You found it on level 8 of the Dungeon)

   [amulet of the acrobat]

   Acrobat:   It increases your evasion while moving and waiting.
   Dex+5:     It affects your dexterity (+5).
   rF+:       It protects you from fire.
 j - the ring of Naesoguu (right hand) {rPois rC+ Will+ Dex+2}
   (You took it off an efreet on level 8 of the Dungeon)

   [ring of protection from cold]

   Dex+2:     It affects your dexterity (+2).
   rC+:       It protects you from cold.
   rPois:     It protects you from poison.
   Will+:     It increases your willpower.
 o - a +4 ring of protection
 s - the ring "Zoothey" {Will+ Str-5 Dex+2 SInv}
   (You found it on level 8 of the Dungeon)

   [ring of see invisible]

   Str-5:     It affects your strength (-5).
   Dex+2:     It affects your dexterity (+2).
   Will+:     It increases your willpower.
   SInv:      It lets you see invisible.
 y - the amulet of Rega {Will+ RegenMP+ Str+2}
   (You found it on level 8 of the Dungeon)

   [amulet of magic regeneration]

   It increases your rate of magic regeneration.
   Str+2:     It affects your strength (+2).
   Will+:     It increases your willpower.
   RegenMP+:  It increases your rate of magic regeneration.
 H - a ring of wizardry (left hand)
Wands
 A - a wand of polymorph (18)
 I - a wand of charming (16)
 L - a wand of flame (13)
 M - a wand of iceblast (4)
Scrolls
 e - 3 scrolls of fog {!r}
 g - a scroll of silence {!r}
 r - a scroll of amnesia
 B - 2 scrolls of poison
 J - 5 scrolls of identify
 K - 5 scrolls of teleportation {!r}
 N - a scroll of immolation
Potions
 c - a potion of brilliance {!q}
 l - 2 potions of might {!q}
 q - 2 potions of cancellation {!q}
 v - a potion of attraction
 x - 2 potions of haste {!q}
 C - 2 potions of enlightenment {!q!q}


   Skills:
 - Level 3.0 Fighting
 - Level 2.0 Dodging
 - Level 2.1 Stealth
 + Level 14.8 Spellcasting
 + Level 0.9 Hexes
 - Level 3.0 Summonings
 * Level 7.6 Necromancy
 - Level 3.0 Translocations
 - Level 1.0 Fire Magic
 - Level 10.0 Ice Magic
 - Level 1.0 Air Magic
 - Level 2.0 Earth Magic
 - Level 1.0 Alchemy
 - Level 1.0 Evocations


You couldn't memorise any spells.
You knew the following spells:

 Your Spells              Type           Power      Damage    Failure   Level
a - Freeze                Ice            100%       1d10      1%          1
b - Cigotuvi's Dreadful   Necr/Alch/Air  54%        N/A       1%          2
c - Summon Ice Beast      Ice/Summ       40%        N/A       1%          3
d - Sandblast             Erth           44%        2d11      1%          1
e - Lesser Beckoning      Tloc           52%        N/A       1%          2
f - Curse of Agony        Necr           45%        N/A       1%          5
g - Borgnjor's Vile Clut  Necr/Erth      17%        N/A       6%          5
h - Rimeblight            Ice/Necr       25%        2d6       (prima34%   7
i - Inner Flame           Hex/Fire       18%        N/A       3%          3
q - Blink                 Tloc           52%        N/A       1%          2
x - Frozen Ramparts       Ice            100%       1d16      1%          3
z - Ozocubu's Armour      Ice            53%        N/A       1%          3
A - Apportation           Tloc           52%        N/A       1%          1
P - Passwall              Erth           22%        N/A       2%          3

Your spell library contained the following spells:

 Spells                   Type           Power      Damage    Failure   Level
 Kiss of Death            Conj/Necr      100%       2d13      1%          1
 Necrotise                Necr           100%       1d9       1%          1
 Sting                    Conj/Alch      64%        1d7       1%          1
 Summon Small Mammal      Summ           100%       N/A       1%          1
 Ensorcelled Hibernation  Hex/Ice        72%        N/A       1%          2
 Momentum Strike          Conj/Tloc      40%        3d9       1%          2
 Call Canine Familiar     Summ           26%        N/A       1%          3
 Fugue of the Fallen      Necr           45%        N/A       1%          3
 Martyr's Knell           Necr/Summ      36%        N/A       1%          4
 Stone Arrow              Conj/Erth      36%        3d9       3%          3
 Swiftness                Air            18%        N/A       3%          3
 Summon Blazeheart Golem  Fire/Summ      22%        N/A       8%          4
 Irradiate                Conj/Alch      8%         3d14      34%         5
 Malign Gateway           Summ/Tloc      13%        N/A       98%         7
 Manifold Assault         Tloc           13%        N/A       98%         7
 Ignition                 Fire           9%         3d5       100%        8
 Summon Horrible Things   Summ           13%        N/A       100%        8


Dungeon Overview and Level Annotations

Branches:
Dungeon (11/15)            Temple (1/1) D:5            Lair (2/5) D:11
    Orc (2/2) D:11            Elf (0/3) Orc:2         Sewer (visited)
Ossuary (visited)           IceCv (1/1)
  Swamp: Lair:2-3    Shoals: Lair:2-3     Snake: Lair:2-3    Spider: Lair:2-3

Altars:
Ashenzari
Cheibriados
Dithmenos
Fedhas
Gozag
Hepliaklqana
Kikubaaqudgha
Makhleb
Nemelex Xobeh
Okawaru
Qazlal
Ru
Sif Muna
Trog
Uskayaw
Vehumet
Wu Jian
Xom
Yredelemnul
Beogh

Shops:
D:4 (

Annotations:
Orc:1 8 exclusions


Innate Abilities, Weirdness & Mutations

You are immune to poison.
You have sharp fingernails.
Your flesh is cold resistant. (rC+)
You are immune to negative energy. (rN+++)
You do not regenerate when monsters are visible.
You are immune to unholy pain and torment.
You thrive by killing the living.


Message History

The zombie hands constrict the naga simulacrum.
The zombie hands constrict the reaper, but do no damage.
The reaper hits you from afar with a -4 scythe of freezing.
* * * LOW HITPOINT WARNING * * *
The zombie hands constrict the naga simulacrum.
The naga simulacrum vaporises!
Kikubaaqudgha accepts your kill.
The zombie hands constrict the reaper.
The reaper escapes!
Training target 1.0 for Fire Magic reached!
Your Fire Magic skill increases to level 1!
You feel much better.
The reaper hits you from afar with a -4 scythe of freezing!
* * * LOW HITPOINT WARNING * * *
The reaper drags you backwards! The reaper freezes you.
* * * LOW HITPOINT WARNING * * *
Casting: Borgnjor's Vile Clutch (dangerous; 6% risk of failure)
Confirm with . or Enter, or press ? or * to list all spells.
You don't have enough magic to cast this spell.
The reaper attacks as it pursues you! The reaper closely misses you.
Okay, then.
Okay, then.
Okay, then.
You feel better. The reaper barely misses you. Magic courses through your body.
The reaper closely misses you.
Press: ? - help, v - describe, . - travel
Here: a reaper, wielding a -4 scythe of freezing, wearing a +1 robe of cold resistance and wearing a ring of ice (lightly wounded)
The floor.
Casting: Borgnjor's Vile Clutch (dangerous; 6% risk of failure)
Confirm with . or Enter, or press ? or * to list all spells.
Aiming: Borgnjor's Vile Clutch (dangerous; 6% risk of failure)
Press: ? - help, Shift-Dir - straight line, f - elephant simulacrum, p - reaper
Aim: an elephant simulacrum (heavily damaged, wandering, unable to see you, hasn't noticed you, 100% to hit)
Zombie hands grab the reaper.
Zombie hands grab the elephant simulacrum.
The zombie hands constrict the reaper, but do no damage.
The zombie hands constrict the elephant simulacrum.
The elephant simulacrum struggles to escape constriction.
The reaper hits you with a -4 scythe of freezing!!
You die...
Kikubaaqudgha rasps: You have failed me!
Welcome... oblivion!

#.......#
#...∩...#
##.....##
##...##
##...# #...##
#...##
##...##
#####@..#
..#...##2.#
#.....#°Z##
#.Z.## ##..#
#....#
.........
...........#
............#


You could see a reaper (clutched) and an elephant simulacrum (wandering, unable
to see you, clutched).

Vanquished Creatures
  Harold (D:9)
  Erolcha (Orc:2)
  3 boulder beetles
  A cyclops (D:11)
  2 manticores
  A kobold blastminer (Orc:1)
  2 elephants (Lair:2)
  A gargoyle (D:11)
  2 cane toads (Lair:1)
  A kobold demonologist (D:9)
  An efreet (D:8)
  4 komodo dragons
  4 ice devils (IceCv)
  A rime drake (Lair:2)
  3 red devils (D:9)
  4 trolls
  A slime creature (Lair:1)
  A vampire (D:11)
  20 yaks
  3 wyverns
  A steam dragon (D:7)
  2 vampire mosquitoes (D:10)
  A harpy simulacrum (IceCv)
  A hydra simulacrum (IceCv)
  3 acid dragons
  4 water moccasins
  4 ice beasts
  8 orc warriors
  A black bear (D:4)
  4 ogres
  4 centaurs
  7 wolves (Lair:1)
  A phantom (D:6)
  5 kobold brigands
  2 brain worms (Sewer)
  13 bullfrogs
  2 gnoll sergeants
  2 cane toad simulacra (IceCv)
  4 wights
  3 killer bees (D:10)
  A bombardier beetle (D:5)
  3 howler monkeys
  3 hounds
  10 jellies
  5 centaur skeletons (Ossuary)
  4 orc priests
  2 spectral scorpions (Ossuary)
  A sleepcap (D:6)
  2 iguanas
  Ijyb (D:5)
  5 orc wizards
  A spriggan simulacrum (IceCv)
  2 troll simulacra (IceCv)
  A crocodile zombie (Ossuary)
  11 mummies (Ossuary)
  7 gnolls
  12 adders
  3 naga simulacra (IceCv)
  A river rat (D:4)
  A shadow imp (D:8)
  6 white imps
  An ufetubus (IceCv)
  A ribbon worm (D:2)
  A dart slug (D:2)
  40 orcs
  18 endoplasms
  4 giant cockroaches
  7 goblins
  7 hobgoblins
  7 jackals (D:1)
  2 quokkas (D:2)
  17 ball pythons
  7 bats
  13 frilled lizards
  2 gnoll skeletons (Ossuary)
  16 kobolds
  A kobold skeleton (Ossuary)
  6 rats
  10 spectral rats (Ossuary)
371 creatures vanquished.

Vanquished Creatures (collateral kills)
  A skyshark (Lair:2)
  An ugly thing (D:8)
  A cyclops (D:8)
  A gargoyle (D:8)
  A polar bear (Lair:2)
  A troll (D:8)
  A wraith (D:8)
  3 yaks
  A sky beast (D:7)
  2 black bears
  An ogre (D:5)
  A wolf (Lair:1)
  2 centaurs
  3 bullfrogs (Lair:1)
  A bombardier beetle (D:5)
  A hound (D:5)
  An iguana (D:5)
  An adder (D:5)
  2 gnolls
26 creatures vanquished.

Grand Total: 397 creatures vanquished

Notes
Turn   | Place    | Note
-------+----------+-------------------------------------------
     0 | D:1      | sdynet the Ghoul Ice Elementalist began the quest for the
                  | Orb.
     0 | D:1      | Reached XP level 1. HP: 14/14 MP: 3/3
    39 | D:1      | Reached skill level 2 in Spellcasting
    87 | D:1      | Reached XP level 2. HP: 19/20 MP: 1/5
   629 | D:1      | Reached XP level 3. HP: 21/26 MP: 0/6
   722 | D:1      | Learned a level 3 spell: Frozen Ramparts
   894 | D:1      | Reached skill level 5 in Ice Magic
  1184 | D:2      | Reached XP level 4. HP: 12/33 MP: 0/8
  1306 | D:2      | Learned a level 3 spell: Ozocubu's Armour
  1619 | D:2      | Reached skill level 3 in Spellcasting
  2208 | D:3      | Reached XP level 5. HP: 34/38 MP: 5/10
  2590 | D:3      | Found a shadowy altar of Dithmenos.
  2591 | D:3      | Found a hazy altar of Hepliaklqana.
  2961 | D:4      | Noticed an ogre
  2969 | D:4      | Killed an ogre
  2970 | D:4      | Reached skill level 4 in Spellcasting
  2970 | D:4      | Reached XP level 6. HP: 42/45 MP: 5/12
  3050 | D:4      | Learned a level 3 spell: Summon Ice Beast
  3083 | D:4      | Reached skill level 1 in Summonings
  3087 | D:4      | Reached XP level 7. HP: 42/50 MP: 3/13
  3285 | D:4      | Found a glowing drain.
  3289 | Sewer    | Entered a sewer
  4138 | D:4      | Found Xos Fam's Weapon Shoppe.
  4542 | D:5      | Entered Level 5 of the Dungeon
  4640 | D:5      | Reached skill level 5 in Spellcasting
  4640 | D:5      | Reached XP level 8. HP: 24/57 MP: 2/15
  4775 | D:5      | Found a staircase to the Ecumenical Temple.
  4782 | D:5      | Noticed Ijyb
  4793 | D:5      | Killed Ijyb
  4803 | Temple   | Entered the Ecumenical Temple
  5328 | D:5      | Reached skill level 6 in Spellcasting
  5592 | D:6      | You fall into a shaft and drop 1 floor!
  5614 | D:7      | Reached skill level 1 in Evocations
  5744 | D:7      | Reached XP level 9. HP: 57/62 MP: 12/18
  5851 | D:7      | Found a sand-covered staircase.
  5857 | Ossuary  | Entered an ossuary
  5903 | Ossuary  | Learned a level 1 spell: Sandblast
  6124 | Ossuary  | Reached skill level 1 in Earth Magic
  6512 | Ossuary  | Reached skill level 7 in Spellcasting
  6929 | Ossuary  | Reached skill level 10 in Ice Magic
  7186 | D:7      | Reached skill level 1 in Fighting
  7370 | D:6      | Identified a scroll of acquirement
  7877 | D:7      | Reached skill level 8 in Spellcasting
  8493 | D:8      | Learned a level 1 spell: Apportation
  8670 | D:8      | Reached XP level 10. HP: 77/77 MP: 22/22
  8683 | D:8      | Found a sparkling altar of Nemelex Xobeh.
  8724 | D:8      | Reached skill level 9 in Spellcasting
  8972 | D:8      | Found an ancient bone altar of Kikubaaqudgha.
  9041 | D:8      | Became a worshipper of Kikubaaqudgha
  9149 | D:8      | Noticed a boulder beetle
  9165 | D:8      | Killed a boulder beetle
  9166 | D:8      | Reached skill level 10 in Spellcasting
  9380 | D:8      | Noticed a purple ugly thing
  9388 | D:8      | Killed a purple ugly thing
  9392 | D:8      | Noticed a manticore
  9400 | D:8      | Killed a manticore
  9400 | D:8      | Noticed a cyclops
  9401 | D:8      | Reached skill level 11 in Spellcasting
  9404 | D:8      | Killed a cyclops
  9405 | D:8      | Reached XP level 11. HP: 57/82 MP: 14/26
  9466 | D:8      | Identified the ring of Naesoguu {rPois rC+ Will+ Dex+2}
  9580 | D:8      | Noticed a boulder beetle
  9624 | D:8      | Killed a boulder beetle
  9625 | D:8      | Reached skill level 12 in Spellcasting
  9877 | D:8      | Identified the amulet of Xom's Temerity {Acrobat rF+ Dex+5}
  9896 | D:8      | Identified the amulet of Rega {Will+ RegenMP+ Str+2}
  9910 | D:8      | Identified the ring "Zoothey" {Will+ Str-5 Dex+2 SInv}
 10275 | D:9      | Reached * piety under Kikubaaqudgha
 10275 | D:9      | Received a gift from Kikubaaqudgha
 10326 | D:9      | Learned a level 2 spell: Cigotuvi's Dreadful Rot
 10343 | D:9      | Reached skill level 1 in Necromancy
 10345 | D:9      | Reached skill level 1 in Air Magic
 10345 | D:9      | Reached skill level 1 in Alchemy
 10387 | D:9      | Found a bloodstained altar of Trog.
 10401 | D:9      | Reached skill level 13 in Spellcasting
 10436 | D:9      | Noticed Harold
 10445 | D:9      | Killed Harold
 11038 | D:10     | Entered Level 10 of the Dungeon
 11274 | D:10     | Reached XP level 12. HP: 89/89 MP: 24/29
 11592 | D:10     | Reached ** piety under Kikubaaqudgha
 11716 | D:10     | Identified the +1 quarterstaff "Jouxotac" {antimagic, rC-
                  | Str+6 Dex-2}
 11969 | D:11     | Found a staircase to the Orcish Mines.
 12032 | D:11     | Learned a level 2 spell: Lesser Beckoning
 12035 | D:11     | Learned a level 2 spell: Blink
 12211 | D:11     | Noticed a boulder beetle
 12226 | D:11     | Killed a boulder beetle
 12227 | D:11     | Reached skill level 1 in Translocations
 12500 | D:11     | Reached skill level 14 in Spellcasting
 12838 | D:11     | Found a staircase to the Lair.
 13334 | Lair:1   | Entered Level 1 of the Lair of Beasts
 13347 | Lair:1   | Acquired the +1 pair of boots of Xoadghol {Int+2 Slay+5
                  | Stlth+}
 14209 | Lair:1   | Reached *** piety under Kikubaaqudgha
 14209 | Lair:1   | Received a gift from Kikubaaqudgha
 14226 | Lair:1   | Learned a level 5 spell: Curse of Agony
 14232 | Lair:1   | Learned a level 5 spell: Borgnjor's Vile Clutch
 14240 | Lair:1   | Learned a level 7 spell: Rimeblight
 14975 | Lair:2   | Reached skill level 5 in Necromancy
 15111 | Lair:2   | Noticed a skyshark
 15122 | Lair:2   | Killed a skyshark
 15827 | Orc:1    | Entered Level 1 of the Orcish Mines
 15906 | Orc:1    | Reached XP level 13. HP: 85/94 MP: 18/31
 16037 | Orc:1    | You fall into a shaft and drop 1 floor!
 16037 | Orc:2    | Entered Level 2 of the Orcish Mines
 16042 | Orc:2    | Found a roughly hewn altar of Beogh.
 16046 | Orc:2    | Noticed Erolcha
 16060 | Orc:2    | Killed Erolcha
 16070 | Orc:2    | Noticed an orc warlord
 16080 | Orc:2    | Reached **** piety under Kikubaaqudgha
 16089 | Orc:2    | Found a staircase to the Elven Halls.
 16222 | Orc:1    | Learned a level 3 spell: Passwall
 16234 | Orc:1    | Found a frozen archway.
 16243 | IceCv    | Entered an ice cave
 16257 | IceCv    | Learned a level 3 spell: Inner Flame
 16703 | IceCv    | Noticed a reaper
 16716 | IceCv    | Reached skill level 1 in Fire Magic
 16720 | IceCv    | Demolished by a reaper

Illustrated notes

Levels and vault maps discovered:
D:1:      wander_arrival_estate, layout_basic, hangedman_glass_teeth
D:2:      layout_loops_ring, basic_altar
D:3:      layout_loops_cross, gammafunk_temple_overflow_forgotten,
          serial_park_tiny_1
D:4:      layout_loops_corners, gup_sewer_entry_bowl, serial_shops,
          nicolae_shop_back_alley_shop
D:5:      layout_cave_pools, minmay_temple_entry_proselytizer, uniq_ijyb
D:6:      layout_basic
D:7:      layout_basic, nicolae_ossuary_entry_plus
D:8:      minmay_the_grid_triangle_9x9_rhombus_full
          [minmay_the_grid_triangle_9x9_pentomino_pain,
          minmay_the_grid_triangle_9x9_zippers_horizontal,
          minmay_the_grid_triangle_9x9_checkered,
          minmay_the_grid_triangle_9x9_from_above,
          minmay_the_grid_triangle_9x9_impossible_snake,
          minmay_the_grid_triangle_9x9_odd_lines,
          minmay_the_grid_triangle_9x9_dagger,
          minmay_the_grid_triangle_9x9_prize_special], layout_rooms,
          lemuel_coloured_pillars_altar, mainiacjoe_overflow_alcove_2,
          kennysheep_generic_room_15
D:9:      layout_roguey, tso_altar, mainiacjoe_overflow_six_doors_small,
          einodemon_armed_red_devil_minivault, uniq_harold
D:10:     layout_roguey
D:11:     layout_basic, lair_entry_dummy, orc_0_dummy
Temple:   hellmonk_temple_two_chambers
Lair:1:   lemuel_slime, layout_regular_city, beast_lair_carwin_6
Lair:2:   layout_long_grid, cheibrodos_lair_lostbears
Orc:1:    layout_diamond_mine, portal_ice_cave_entry_pillars_2
Orc:2:    grunt_orc_tribal_feast, layout_diamond_mine, basic_altar,
          roderic_batcave, nicolae_shop_self_help, uniq_rupert, uniq_erolcha
IceCv:    ice_cave_small_demon

Skill      XL: |  1  2  3  4  5  6  7  8  9 10 11 12 13 |
---------------+----------------------------------------+-----
Spellcasting   | 2 3 4 5 6 8 11 13 14 | 14.8
Ice Magic      | 5 6 7 9 10 | 10.0
Summonings     | 1 3 |  3.0
Evocations     | 1 |  1.0
Earth Magic    | 1 2 |  2.0
Dodging        | 2 |  2.0
Fighting       | 3 |  3.0
Necromancy     | 1 6 7 |  7.6
Air Magic      | 1 |  1.0
Alchemy        | 1 |  1.0
Translocations | 3 |  3.0
Fire Magic     | 1 |  1.0
Stealth        | |  2.1
Hexes          | |  0.9

Action                     |  1- 3 |  4- 6 |  7- 9 | 10-12 | 13-15 || total
---------------------------+-------+-------+-------+-------+-------++-------
  Melee: Unarmed           |    33 |     1 |       |       |       ||    34
         Dagger            |       |    66 |   116 |   145 |    12 ||   339
         Scimitar          |       |       |       |    40 |     7 ||    47
         Long sword        |       |       |       |     9 |       ||     9
  Throw: Dart              |       |       |    18 |    16 |       ||    34
   Cast: Freeze            |    39 |    16 |    49 |    80 |     8 ||   192
         Frozen Ramparts   |     4 |    10 |    51 |    61 |     6 ||   132
         Summon Ice Beast  |       |     1 |    17 |    32 |     2 ||    52
         Ozocubu's Armour  |       |       |     6 |    57 |     6 ||    69
         Sandblast         |       |       |   104 |    24 |       ||   128
         Cigotuvi's Dreadf |       |       |       |     9 |       ||     9
         Curse of Agony    |       |       |       |    11 |       ||    11
         Lesser Beckoning  |       |       |       |     6 |       ||     6
         Borgnjor's Vile C |       |       |       |     3 |    25 ||    28
         Rimeblight        |       |       |       |     1 |     2 ||     3
         Inner Flame       |       |       |       |       |     8 ||     8
         Passwall          |       |       |       |       |     1 ||     1
  Evoke: Wand              |       |       |       |    13 |       ||    13
    Use: Potion            |     1 |     4 |     2 |     2 |     6 ||    15
         Scroll            |     1 |     8 |    16 |     9 |     5 ||    39
   Stab: Sleeping          |       |     6 |     2 |     4 |       ||    12
         Distracted        |       |       |       |     2 |       ||     2
 Armour: Robe              |    38 |    51 |   178 |     7 |    53 ||   327
         Leather armour    |       |       |    19 |   366 |       ||   385
  Dodge: Dodged            |    37 |    36 |   174 |   226 |    30 ||   503

Table legend: (Time is in decaauts)
 A = Elapsed time spent in this place.
 B = Non-inter-level travel time spent in this place.
 C = Inter-level travel time spent in this place.
 D = Time resting spent in this place.
 E = Time spent auto-exploring this place.
 F = Levels seen in this place.
 G = Mean time per level.
                   A        B        C        D        E       F      G
               +--------+--------+--------+--------+--------+-----+--------+
         Total |  16874 |  15677 |   1197 |    532 |  11546 |  19 |  888.1 |
       Dungeon |  11606 |  10565 |   1041 |    134 |   8172 |  11 | 1055.1 |
        Temple |     91 |     91 |      0 |     15 |     75 |   1 |   91.0 |
          Lair |   2275 |   2119 |    156 |    114 |   1561 |   2 | 1137.5 |
  Orcish Mines |    415 |    415 |      0 |     68 |      0 |   2 |  207.5 |
         Sewer |    650 |    650 |      0 |      0 |    485 |   1 |  650.0 |
       Ossuary |   1356 |   1356 |      0 |     46 |   1056 |   1 | 1356.0 |
      Ice Cave |    479 |    479 |      0 |    155 |    196 |   1 |  479.0 |
               +--------+--------+--------+--------+--------+-----+--------+

Top non-repeatable levels by time:
  Lair:1: 1963 daAuts
     D:8: 1645 daAuts
    D:11: 1557 daAuts
 Ossuary: 1356 daAuts
     D:9: 1140 daAuts
     D:1: 1103 daAuts
     D:2: 1044 daAuts
     D:4: 1017 daAuts
     D:7: 943 daAuts
     D:5: 878 daAuts
     D:3: 809 daAuts
    D:10: 800 daAuts
     D:6: 664 daAuts
   Sewer: 650 daAuts
   IceCv: 479 daAuts
